PAA
MERCER ISLAND SCREAMING EAGLES @ ASHEVILLE HIGHLANDERS
05/22/2031
 
TOP OF THE 1ST
Mercer Island Screaming Eagles batting - Pitching for Asheville Highlanders : RHP Danial Apodaca
Pitching: RHP Danial Apodaca
Batting: RHB Wade Killefer 0-0: Ball
1-0: SOLO HOME RUN (Flyball, 9LD), Distance : 344 ft
Batting: SHB Serious Lee 0-0: Ball
1-0: Ball
2-0: Ball
3-0: Called Strike
3-1: Foul Ball, location: 2F
3-2: Fly out, F7 (Line Drive, 78S)
Batting: SHB Arnold Griffith 0-0: Swinging Strike
0-1: Ball
1-1: Foul Ball, location: 2F
1-2: SINGLE (Line Drive, 56D)
Batting: RHB Leonardo Ramírez 0-0: Fly out, F8 (Flyball, 78S)
Batting: RHB Jeffery Campbell 0-0: Foul Ball, location: 2F
0-1: Ball
1-1: Called Strike
1-2: Fielders Choice at 2nd, 6-4 (Groundball, 6)
Top of the 1st over - 1 run, 2 hits, 0 errors, 1 left on base; Mercer Island 1 - Asheville 0
BOTTOM OF THE 1ST
Asheville Highlanders batting - Pitching for Mercer Island Screaming Eagles : RHP Harrison Tuff
Pitching: RHP Harrison Tuff
Batting: RHB Harley Whitfield 0-0: Called Strike
0-1: Fly out, F8 (Flyball, 89S)
Batting: RHB Andrew Berven 0-0: Ball
1-0: Foul Ball, location: 2F
1-1: Called Strike
1-2: DOUBLE (Groundball, 3L)
Batting: LHB Félix Calixto 0-0: Swinging Strike
0-1: SINGLE (Groundball, 34D)
Andrew Berven to third
Runner from 3rd tries for Home, SAFE, throw made home
Batting: RHB Michael Brannon 0-0: Ball
1-0: Called Strike
1-1: Ball
2-1: Grounds into double play, 6-4-3 (Groundball, 6)
Bottom of the 1st over - 1 run, 2 hits, 0 errors, 0 left on base; Mercer Island 1 - Asheville 1
TOP OF THE 2ND
Mercer Island Screaming Eagles batting - Pitching for Asheville Highlanders : RHP Danial Apodaca
Batting: RHB Pedro Hernández 0-0: Ball
1-0: Ball
2-0: SINGLE (Groundball, 6MD)
Batting: LHB Jorge Pérez 0-0: Ball
1-0: Called Strike
1-1: Ball
2-1: Ball
3-1: Foul Ball, location: 2F
3-2: Ground out 6-3 (Groundball, 6)
Pedro Hernández to second
Batting: RHB Raúl Moreno 0-0: Called Strike
0-1: SINGLE (Line Drive, 6MD)
Pedro Hernández to third
Batting: RHB Stanley van de Ven 0-0: Called Strike
0-1: Ball
1-1: Fly out, F1 (Line Drive, 13)
Batting: RHB Wade Killefer 0-0: Called Strike
0-1: Swinging Strike
0-2: SINGLE (Groundball, 6MD)
Pedro Hernández scores
Raúl Moreno to second
Batting: SHB Serious Lee 0-0: Fly out, F7 (Flyball, 7S)
Top of the 2nd over - 1 run, 3 hits, 0 errors, 2 left on base; Mercer Island 2 - Asheville 1
BOTTOM OF THE 2ND
Asheville Highlanders batting - Pitching for Mercer Island Screaming Eagles : RHP Harrison Tuff
Batting: LHB Landon Harryman 0-0: DOUBLE (Line Drive, 9LM)
Batting: RHB Marcos Rico 0-0: Ball
1-0: Ball
2-0: Called Strike
2-1: Foul Ball, location: 2F
2-2: SINGLE (Line Drive, 8LS)
Landon Harryman to third
Batting: LHB Sergio Muñóz 0-0: Called Strike
0-1: Ball
1-1: Ball
2-1: Fly out, F7 (Flyball, 7)
Runner from 3rd tags up, SCORES, throw made
Batting: RHB Randolph Descoteaux 0-0: Ball
1-0: Ball
2-0: Called Strike
2-1: Grounds into double play, 6-4-3 (Groundball, 6)
Bottom of the 2nd over - 1 run, 2 hits, 0 errors, 0 left on base; Mercer Island 2 - Asheville 2
TOP OF THE 3RD
Mercer Island Screaming Eagles batting - Pitching for Asheville Highlanders : RHP Danial Apodaca
Batting: SHB Arnold Griffith 0-0: Ball
1-0: Ball
2-0: Ball
3-0: Called Strike
3-1: DOUBLE (Line Drive, 8RXD)
Batting: RHB Leonardo Ramírez 0-0: Foul Ball, location: 2F
0-1: Ball
1-1: Ball
2-1: Ball
3-1: SINGLE (Line Drive, 78S)
Arnold Griffith to third
Batting: RHB Jeffery Campbell 0-0: Ball
1-0: SINGLE (Line Drive, 56D)
Arnold Griffith scores
Leonardo Ramírez to second
Batting: RHB Pedro Hernández 0-0: Swinging Strike
0-1: Ball
1-1: Fielders Choice at 2nd, U4 (Groundball, 6M)
Leonardo Ramírez to third
Batting: LHB Jorge Pérez 0-0: Foul Ball, location: 2F
0-1: SINGLE (Groundball, 4S) (infield hit)
Leonardo Ramírez scores
Pedro Hernández to second
Batting: RHB Raúl Moreno 0-0: Called Strike
0-1: Foul Ball, location: 2F
0-2: Foul Ball, location: 2F
0-2: SINGLE (Groundball, 56D)
Pedro Hernández to third
Jorge Pérez to second
Runner from 3rd tries for Home, SAFE, no throw
Batting: RHB Stanley van de Ven 0-0: Called Strike
0-1: Ball
1-1: Ball
2-1: Foul Ball, location: 2F
2-2: Grounds into double play, 6-4-3 (Groundball, 6)
Top of the 3rd over - 3 runs, 5 hits, 0 errors, 1 left on base; Mercer Island 5 - Asheville 2
BOTTOM OF THE 3RD
Asheville Highlanders batting - Pitching for Mercer Island Screaming Eagles : RHP Harrison Tuff
Batting: RHB Víctor Hernández 0-0: Ball
1-0: Ground out 1-3 (Groundball, 13)
Batting: RHB Harley Whitfield 0-0: Swinging Strike
0-1: Ball
1-1: Ground out 4-3 (Groundball, 4)
Batting: RHB Andrew Berven 0-0: Ball
1-0: SINGLE (Groundball, 6MD)
Batting: LHB Félix Calixto 0-0: Called Strike
0-1: Ball
1-1: Ground out U3 (Groundball, 34)
Bottom of the 3rd over - 0 runs, 1 hit, 0 errors, 1 left on base; Mercer Island 5 - Asheville 2
TOP OF THE 4TH
Mercer Island Screaming Eagles batting - Pitching for Asheville Highlanders : RHP Danial Apodaca
Batting: RHB Wade Killefer 0-0: Ball
1-0: Foul Ball, location: 2F
1-1: SINGLE (Groundball, 34D)
Batting: SHB Serious Lee 0-0: Called Strike
0-1: Grounds into double play, 4-6-3 (Groundball, 4)
Batting: SHB Arnold Griffith 0-0: Called Strike
0-1: Ball
1-1: Ball
2-1: Foul Ball, location: 2F
2-2: Foul Ball, location: 2F
2-2: Foul Ball, location: 2F
2-2: Ball
3-2: SINGLE (Groundball, 4MD)
Batting: RHB Leonardo Ramírez 0-0: Ball
1-0: Called Strike
1-1: Called Strike
1-2: Strikes out swinging
Top of the 4th over - 0 runs, 2 hits, 0 errors, 1 left on base; Mercer Island 5 - Asheville 2
BOTTOM OF THE 4TH
Asheville Highlanders batting - Pitching for Mercer Island Screaming Eagles : RHP Harrison Tuff
Batting: RHB Michael Brannon 0-0: Ball
1-0: Fly out, F3 (Popup, 34)
Batting: LHB Landon Harryman 0-0: Called Strike
0-1: Called Strike
0-2: Foul Ball, location: 2F
0-2: Ball
1-2: SINGLE (Groundball, 56D)
Batting: RHB Marcos Rico 0-0: Ball
1-0: Called Strike
1-1: Ball
2-1: SINGLE (Groundball, 6MD)
Landon Harryman to second
Batting: LHB Sergio Muñóz 0-0: Ball
1-0: Foul Ball, location: 2F
1-1: Ball
2-1: SINGLE (Line Drive, 8LS)
Landon Harryman to third
Marcos Rico to second
Runner from 3rd tries for Home, SAFE, no throw
Batting: RHB Randolph Descoteaux 0-0: Ball
1-0: Foul Ball, location: 2F
1-1: Called Strike
1-2: Fly out, F9 (Flyball, 9)
Batting: RHB Víctor Hernández 0-0: Ball
1-0: Foul Ball, location: 2F
1-1: Ball
2-1: Fly out, F7 (Flyball, 7S)
Bottom of the 4th over - 1 run, 3 hits, 0 errors, 2 left on base; Mercer Island 5 - Asheville 3
TOP OF THE 5TH
Mercer Island Screaming Eagles batting - Pitching for Asheville Highlanders : RHP Danial Apodaca
Batting: RHB Jeffery Campbell 0-0: Ball
1-0: Ground out 4-3 (Groundball, 4)
Batting: RHB Pedro Hernández 0-0: Foul Ball, location: 2F
0-1: SINGLE (Line Drive, 7LS)
Batting: LHB Jorge Pérez 0-0: Ball
1-0: SINGLE (Groundball, 4MD)
Pedro Hernández to second
Runner from 2nd tries for 3rd, OUT!
Batting: RHB Raúl Moreno 0-0: Ball
1-0: Called Strike
1-1: Called Strike
1-2: Foul Ball, location: 2F
1-2: Ball
2-2: Fly out, F9 (Flyball, 9S)
Top of the 5th over - 0 runs, 2 hits, 0 errors, 1 left on base; Mercer Island 5 - Asheville 3
BOTTOM OF THE 5TH
Asheville Highlanders batting - Pitching for Mercer Island Screaming Eagles : RHP Harrison Tuff
Batting: RHB Harley Whitfield 0-0: Ball
1-0: Ball
2-0: Called Strike
2-1: Ball
3-1: Ground out 4-3 (Groundball, 4)
Batting: RHB Andrew Berven 0-0: Foul Ball, location: 2F
0-1: Foul Ball, location: 2F
0-2: Ground out 4-3 (Groundball, 4MS)
Batting: LHB Félix Calixto 0-0: Foul Ball, location: 2F
0-1: SINGLE (Flyball, 34D)
Batting: RHB Michael Brannon 0-0: Called Strike
0-1: Fly out, F8 (Flyball, 8RM)
Bottom of the 5th over - 0 runs, 1 hit, 0 errors, 1 left on base; Mercer Island 5 - Asheville 3
TOP OF THE 6TH
Mercer Island Screaming Eagles batting - Pitching for Asheville Highlanders : RHP Danial Apodaca
Batting: RHB Stanley van de Ven 0-0: Ball
1-0: Swinging Strike
1-1: Fly out, F9 (Line Drive, 9)
Batting: RHB Wade Killefer 0-0: Called Strike
0-1: Ball
1-1: Foul Ball, location: 2F
1-2: Ground out 6-3 (Groundball, 6S)
Batting: SHB Serious Lee 0-0: Ball
1-0: Ball
2-0: Called Strike
2-1: Swinging Strike
2-2: Fly out, F4 (Popup, 13S)
Top of the 6th over - 0 runs, 0 hits, 0 errors, 0 left on base; Mercer Island 5 - Asheville 3
BOTTOM OF THE 6TH
Asheville Highlanders batting - Pitching for Mercer Island Screaming Eagles : RHP Harrison Tuff
Batting: LHB Landon Harryman 0-0: Ball
1-0: Foul Ball, location: 2F
1-1: Ball
2-1: Foul Ball, location: 2F
2-2: Ball
3-2: Ground out 6-3 (Groundball, 6D)
Batting: RHB Marcos Rico 0-0: Fly out, F9 (Flyball, 9S)
Batting: LHB Sergio Muñóz 0-0: Called Strike
0-1: Ball
1-1: Called Strike
1-2: Ground out 5-3 (Groundball, 56)
Bottom of the 6th over - 0 runs, 0 hits, 0 errors, 0 left on base; Mercer Island 5 - Asheville 3
TOP OF THE 7TH
Mercer Island Screaming Eagles batting - Pitching for Asheville Highlanders : RHP Danial Apodaca
Pitching: RHP José Luján
Batting: SHB Arnold Griffith 0-0: Ball
1-0: Foul Ball, location: 2F
1-1: Ball
2-1: Ball
3-1: Ground out U3 (Groundball, 3L)
Batting: RHB Leonardo Ramírez 0-0: Ball
1-0: Fly out, F9 (Flyball, 9S)
Batting: RHB Jeffery Campbell 0-0: Called Strike
0-1: Ground out 5-3 (Groundball, 56)
Top of the 7th over - 0 runs, 0 hits, 0 errors, 0 left on base; Mercer Island 5 - Asheville 3
BOTTOM OF THE 7TH
Asheville Highlanders batting - Pitching for Mercer Island Screaming Eagles : RHP Harrison Tuff
Batting: RHB Randolph Descoteaux 0-0: Called Strike
0-1: Ball
1-1: Ball
2-1: Called Strike
2-2: Foul Ball, location: 2F
2-2: Ball
3-2: Foul Ball, location: 2F
3-2: SINGLE (Groundball, 6M) (infield hit)
Batting: RHB Víctor Hernández 0-0: Ball
1-0: Called Strike
1-1: Foul Ball, location: 2F
1-2: Fly out, F6 (Line Drive, 6)
Batting: RHB Harley Whitfield 0-0: Foul Ball, location: 2F
0-1: Fly out, F8 (Flyball, 8LM)
Batting: RHB Andrew Berven 0-0: Called Strike
0-1: Ball
1-1: Ball
2-1: Foul Ball, location: 2F
2-2: Ground out 4-3 (Groundball, 4S)
Bottom of the 7th over - 0 runs, 1 hit, 0 errors, 1 left on base; Mercer Island 5 - Asheville 3
TOP OF THE 8TH
Mercer Island Screaming Eagles batting - Pitching for Asheville Highlanders : RHP José Luján
Pitching: RHP Bob Grzelak
Batting: RHB Pedro Hernández 0-0: Foul Ball, location: 2F
0-1: Called Strike
0-2: Ball
1-2: Ball
2-2: Ball
3-2: Foul Ball, location: 2F
3-2: Strikes out looking
Batting: LHB Jorge Pérez 0-0: SINGLE (Groundball, 25) (infield hit)
Batting: RHB Raúl Moreno 0-0: Foul Ball, location: 2F
0-1: Called Strike
0-2: Ball
1-2: SINGLE (Line Drive, 4MD)
Jorge Pérez to second
Runner from 2nd tries for 3rd, SAFE, no throw
Batting: RHB Stanley van de Ven 0-0: Called Strike
0-1: Foul Ball, location: 2F
0-2: Strikes out looking
Batting: RHB Wade Killefer 0-0: Ball
1-0: Ball
2-0: Ball
3-0: Called Strike
3-1: Called Strike
3-2: SINGLE (Groundball, 56) (infield hit)
Jorge Pérez scores
Raúl Moreno to second
Batting: SHB Serious Lee 0-0: Called Strike
0-1: Ball
1-1: 3-RUN HOME RUN (Flyball, 89XD), Distance : 396 ft
Pitching: RHP Raúl Valdéz
Batting: SHB Arnold Griffith 0-0: Ball
1-0: Ball
2-0: Ball
3-0: Base on Balls
Batting: RHB Leonardo Ramírez 0-0: Ball
1-0: Ball
2-0: Ball
3-0: Base on Balls
Arnold Griffith to second
Batting: RHB Jeffery Campbell 0-0: Ground out 4-3 (Groundball, 4)
Top of the 8th over - 4 runs, 4 hits, 0 errors, 2 left on base; Mercer Island 9 - Asheville 3
BOTTOM OF THE 8TH
Asheville Highlanders batting - Pitching for Mercer Island Screaming Eagles : RHP Harrison Tuff
Batting: LHB Félix Calixto 0-0: Ball
1-0: Foul Ball, location: 2F
1-1: Ground out 6-3 (Groundball, 6M)
Batting: RHB Michael Brannon 0-0: Ball
1-0: Foul Ball, location: 2F
1-1: Ball
2-1: Fly out, F7 (Line Drive, 7S)
Batting: LHB Landon Harryman 0-0: Ball
1-0: Ball
2-0: Called Strike
2-1: Ball
3-1: Base on Balls
Pitching: RHP Will McLeod
Batting: RHB Marcos Rico 0-0: SINGLE (Groundball, 34S) (infield hit)
Landon Harryman to second
Batting: LHB Sergio Muñóz 0-0: Swinging Strike
0-1: Foul Ball, location: 2F
0-2: Ball
1-2: Ball
2-2: Ball
3-2: Base on Balls
Landon Harryman to third
Marcos Rico to second
Batting: RHB Randolph Descoteaux 0-0: Ball
1-0: Foul Ball, location: 2F
1-1: Called Strike
1-2: Ball
2-2: Strikes out swinging
Bottom of the 8th over - 0 runs, 1 hit, 0 errors, 3 left on base; Mercer Island 9 - Asheville 3
TOP OF THE 9TH
Mercer Island Screaming Eagles batting - Pitching for Asheville Highlanders : RHP Raúl Valdéz
Batting: RHB Pedro Hernández 0-0: Ball
1-0: Called Strike
1-1: Ball
2-1: Foul Ball, location: 2F
2-2: Foul Ball, location: 2F
2-2: Strikes out swinging
Batting: LHB Jorge Pérez 0-0: Ball
1-0: Foul Ball, location: 2F
1-1: Ball
2-1: Swinging Strike
2-2: Strikes out swinging
Batting: RHB Raúl Moreno 0-0: Ball
1-0: Ball
2-0: Called Strike
2-1: Foul Ball, location: 2F
2-2: Ball
3-2: Fly out, F8 (Flyball, 8RS)
Top of the 9th over - 0 runs, 0 hits, 0 errors, 0 left on base; Mercer Island 9 - Asheville 3
BOTTOM OF THE 9TH
Asheville Highlanders batting - Pitching for Mercer Island Screaming Eagles : RHP Will McLeod
Batting: RHB Víctor Hernández 0-0: Called Strike
0-1: Ground out 2-3 (Groundball, 2R)
Batting: RHB Harley Whitfield 0-0: Ground out 6-3 (Groundball, 6)
Batting: RHB Andrew Berven 0-0: Ball
1-0: Called Strike
1-1: Ball
2-1: Ball
3-1: Fly out, F8 (Flyball, 8LM)
Bottom of the 9th over - 0 runs, 0 hits, 0 errors, 0 left on base; Mercer Island 9 - Asheville 3
Tuesday, June 12th, 2018 - OOTP Baseball 18.8 Build 76